 Dungeon Crawl Stone Soup version 0.25-a0-591-g2ad0d86 (webtiles) character file.

Game seed: 17616376954770826314, levelgen mode: deterministic

11526 Faels the Slicer (level 11, -27/70 HPs)
             Began as an Octopode Berserker on Mar 13, 2020.
             Was an Elder of Trog.
             Killed from afar by a necromancer (41 damage)
             ... with a bolt of cold
             ... in a Gauntlet.
             The game lasted 00:38:30 (13757 turns).

Faels the Slicer (Octopode Berserker)              Turns: 13757, Time: 00:38:31

Health: -27/70     AC:  1    Str: 17    XL:     11   Next: 79%
Magic:  11/11      EV: 18    Int:  9    God:    Trog [****..]
Gold:   198        SH: 13    Dex: 21    Spells: 10/10 levels left

rFire    + + +     SeeInvis .   J - +14 rapier of Tortfeasance {vorpal, Fragile rF+++ rC- Dex+6}
rCold    . . .     Gourm    .   D - +2 kite shield
rNeg     . . .     Faith    .   (helmet restricted)
rPois    +         Spirit   .   (no amulet)
rElec    +         Reflect  .   l - ring of resist corrosion
rCorr    +         Harm     .   C - ring of protection from fire
MR       .....     NoTele   +   (no ring)
Stlth    ++++++....             (no ring)
HPRegen  0.21/turn              (no ring)
MPRegen  0.12/turn              (no ring)
                                (no ring)
                                (no ring)

@: resistant, berserk cooldown, slowed, very slow
A: almost no armour, stealthy swim, amphibious, 8 rings, constrict 8, camouflage
1, gelatinous body 1
a: Berserk, Trog's Hand, Brothers in Arms, Renounce Religion


You were in a Gauntlet.
You worshipped Trog.
Trog was greatly pleased with you.
You were not hungry.

You visited 1 branch of the dungeon, and saw 11 of its levels.
You also visited: Gauntlet.

You collected 520 gold pieces.
You spent 322 gold pieces at shops.

Inventory:

Hand Weapons
 a - a +0 short sword
 i - the +10 flail of Abomination {vamp, Fragile Dex+4 SInv}
   (You found it on level 9 of the Dungeon)

   It inflicts no extra harm, but heals its wielder when it wounds a living foe.
   It affects your dexterity (+4).
   It lets you see invisible.
   It will be destroyed if unequipped.
 k - a +0 dagger
 s - a +0 falchion
 w - a +0 dagger of speed
 x - a +2 mace of protection
 A - a cursed +6 scimitar
 J - the +14 rapier of Tortfeasance (weapon) {vorpal, Fragile rF+++ rC- Dex+6}
   (Trog gifted it to you on level 8 of the Dungeon)

   It inflicts extra damage upon your enemies.
   It affects your dexterity (+6).
   It renders you almost immune to fire.
   It makes you vulnerable to cold.
   It will be destroyed if unequipped.
 M - a +3 short sword
Missiles
 g - 17 boomerangs
 r - 19 poisoned darts (quivered)
 F - 7 atropa-tipped darts
Armour
 y - a +3 buckler
 D - a +2 kite shield (worn)
Jewellery
 d - an uncursed amulet of magic regeneration
 l - a ring of resist corrosion (left tentacle)
 C - a ring of protection from fire (right tentacle)
Wands
 v - a wand of random effects (17)
 E - a wand of iceblast (5)
 G - a wand of acid (6)
 I - a wand of paralysis (9)
 K - a wand of flame (41)
Scrolls
 c - a scroll of amnesia
 e - 6 scrolls of teleportation
 h - 5 scrolls of remove curse
 q - a scroll of identify
 t - 2 scrolls of enchant weapon
 L - a scroll of torment {unknown}
Potions
 f - 2 potions of flight
 m - 3 potions of brilliance
 o - 3 potions of might
 p - a potion of resistance
 u - 2 potions of lignification
 z - a potion of berserk rage {unknown}
 B - a potion of ambrosia {unknown}
 H - a potion of haste {unknown}
Miscellaneous
 j - a lightning rod (4/4)
Comestibles
 b - 23 rations


   Skills:
 - Level 4.6 Fighting
 * Level 12.4(12.6) Short Blades
 - Level 3.8(9.0) Long Blades
 - Level 2.6 Throwing
 - Level 7.3 Dodging
 - Level 9.3 Stealth
 + Level 7.8 Shields


You had 10 spell levels left.
You didn't know any spells.
Your spell library was empty.

Dungeon Overview and Level Annotations

Branches:
Dungeon (11/15)            Temple (0/1) D:5             Orc (0/2) D:9
Gauntlet (1/1)
   Lair: D:8-11

Altars:
Gozag
Kikubaaqudgha
Makhleb
Sif Muna
Trog
Yredelemnul

Shops:
D:6 *}[

Annotations:
D:5 2 transporters, Caerwyn's ghost, novice DsGl Gauntlet 13 transporters, 13 runed translucent doors


Innate Abilities, Weirdness & Mutations

You cannot wear most types of armour.
You are very stealthy in the water. (Stealth+)
You are amphibious.
You can wear up to eight rings at the same time.
You can use your tentacles to constrict eight enemies at once.
Your skin changes colour to match your surroundings (Stealth+).
Your rubbery body absorbs attacks. (AC +1, EV +1)


Message History

A bolt of cold appears from out of thin air!
The bolt of cold hits your ogre!!
Your ogre dies!
Your ogre's corpse disappears in a puff of smoke!
The flying skull gives a hideous shriek!
You hear a hideous shriek!
You feel protected.
You hear some strange, mumbled words.
Your body is wracked with pain!
You hear some strange, mumbled words.
Your body is wracked with pain!
* * * LOW HITPOINT WARNING * * *
You see here a lightning rod (4/4).
j - a lightning rod (4/4)
You see here a wand of paralysis (6).
You hear some strange, mumbled words.
A bolt of cold appears from out of thin air!
The bolt of cold hits you!!!
Ouch! That really hurt!
You die...

#.#.........#.##.....zz#
###.#.###...#.#.#z#...z§#z
#8#.#...###...#.#z.#...#§.
###.#.#...###.#.#zz^#©#§zz
#.#.###©..#.#.#z..^#^..§
###.#...###...#.#zzz#.#z.§
#8#.#.#...#.#.#.#zz#...#..
###.#.#.#...#.#.#z#.....#.
#.#...=@/...#.##.:.©![.#
###.###########.##########
#8#.......................
###≈......................
########################
#8# #8# #8# #8# #8# #8#
### ### ### ### ### ###


There were no monsters in sight!

Vanquished Creatures
  2 death yaks (Gauntlet)
  A large abomination (Gauntlet)
  A kobold demonologist (D:11)
  2 trolls (D:10)
  A hippogriff (D:8)
  3 small abominations (Gauntlet)
  Sigmund (D:3)
  5 yaks (D:10)
  A hungry ghost (D:7)
  A human (D:8)
  A neqoxec (Gauntlet)
  3 chaos spawn (Gauntlet)
  A water moccasin (D:7)
  An orc warrior (D:11)
  4 ice beasts
  7 phantoms
  3 black bears
  A necrophage (D:10)
  A sky beast (D:6)
  4 ogres
  4 centaurs
  6 big kobolds
  4 bullfrogs
  A gnoll sergeant (D:9)
  3 scorpions
  9 wights
  A killer bee (D:7)
  An electric eel (D:9)
  3 howler monkeys (D:7)
  A bullfrog zombie (D:8)
  2 crimson imps
  A quasit (D:7)
  2 centaur zombies
  8 hounds
  4 jellies
  7 orc priests
  A bullfrog skeleton (D:6)
  2 centaur skeletons
  3 worker ants
  5 iguanas
  10 orc wizards
  A hound skeleton (D:8)
  A worker ant zombie (D:10)
  6 gnolls
  9 adders
  An ooze (D:4)
  An adder skeleton (D:4)
  5 worms
  7 leopard geckos
  47 orcs
  6 giant cockroaches
  13 goblins
  17 hobgoblins
  8 jackals
  4 quokkas
  A ball python (D:2)
  7 bats
  9 frilled lizards
  22 kobolds
  2 leopard gecko zombies
  A quokka zombie (D:8)
  10 rats
300 creatures vanquished.

Vanquished Creatures (collateral kills)
  4 death yaks (Gauntlet)
  3 orc warriors (D:9)
  3 killer bees (D:7)
  An orc wizard (D:9)
  3 orcs (D:9)
14 creatures vanquished.

Vanquished Creatures (others)
  4 withered plants (Gauntlet)
4 creatures vanquished.

Grand Total: 318 creatures vanquished

Notes
Turn   | Place    | Note
-------+----------+-------------------------------------------
     0 | D:1      | Faels the Octopode Berserker began the quest for the Orb.
     0 | D:1      | Reached XP level 1. HP: 16/16 MP: 1/1
   196 | D:1      | Reached skill level 1 in Stealth
   196 | D:1      | Reached XP level 2. HP: 21/21 MP: 2/2
   345 | D:1      | Reached XP level 3. HP: 19/26 MP: 3/3
   587 | D:1      | Reached ** piety under Trog
  1854 | D:2      | Reached XP level 4. HP: 21/31 MP: 4/4
  2062 | D:2      | Found an ancient bone altar of Kikubaaqudgha.
  2632 | D:2      | Found a basalt altar of Yredelemnul.
  2914 | D:3      | Reached XP level 5. HP: 36/37 MP: 5/5
  3074 | D:3      | Reached skill level 1 in Throwing
  3480 | D:3      | Noticed Sigmund
  3506 | D:3      | Killed Sigmund
  3506 | D:3      | Reached skill level 4 in Short Blades
  3506 | D:3      | Reached XP level 6. HP: 43/43 MP: 6/6
  3713 | D:3      | Reached *** piety under Trog
  3759 | D:3      | Found an opulent altar of Gozag.
  4082 | D:4      | Reached XP level 7. HP: 49/49 MP: 7/7
  4419 | D:4      | Reached skill level 5 in Stealth
  4467 | D:4      | Reached skill level 5 in Short Blades
  4467 | D:4      | Reached skill level 1 in Shields
  4700 | D:4      | Reached skill level 5 in Dodging
  4770 | D:4      | Reached XP level 8. HP: 54/54 MP: 8/8
  4973 | D:5      | Entered Level 5 of the Dungeon
  5050 | D:5      | Found a transporter.
  5090 | D:5      | Noticed Caerwyn's ghost (novice DsGl)
  5116 | D:5      | Found a transporter.
  5130 | D:5      | Found a staircase to the Ecumenical Temple.
  5444 | D:5      | Found a burning altar of Makhleb.
  5940 | D:6      | Reached skill level 6 in Short Blades
  6006 | D:6      | Found Ydehone's General Store.
  6015 | D:6      | Bought a scroll of identify for 28 gold pieces
  6015 | D:6      | Bought a ration for 70 gold pieces
  6015 | D:6      | Bought a potion of flight for 42 gold pieces
  6015 | D:6      | Bought a scroll of remove curse for 42 gold pieces
  6123 | D:6      | Found Qiocebes's Gadget Shop.
  6550 | D:6      | Found Imiabyhi's Antique Armour Emporium.
  6556 | D:6      | Found a shimmering blue altar of Sif Muna.
  6620 | D:6      | Reached XP level 9. HP: 59/59 MP: 9/9
  6636 | D:6      | Reached skill level 7 in Short Blades
  7175 | D:6      | Reached **** piety under Trog
  7770 | D:6      | Identified Sif Muna's Disquisition on Confrontation
  8365 | D:7      | Found a bloodstained altar of Trog.
  8767 | D:7      | Reached skill level 8 in Short Blades
  9194 | D:8      | Reached skill level 1 in Long Blades
  9314 | D:6      | Bought a wand of iceblast (6) for 140 gold pieces
  9704 | D:8      | Reached XP level 10. HP: 64/65 MP: 10/10
 10071 | D:8      | Reached ***** piety under Trog
 10071 | D:8      | Received a gift from Trog
 10072 | D:8      | Got an ancient rapier {god gift}
 10087 | D:8      | Identified the +14 rapier of Tortfeasance {vorpal, Fragile
                  | rF+++ rC- Dex+6} (Trog gifted it to you on level 8 of the
                  | Dungeon)
 10673 | D:9      | Got a steaming flail
 10674 | D:9      | Identified the +10 flail of Abomination {vamp, Fragile
                  | Dex+4 SInv} (You found it on level 9 of the Dungeon)
 11398 | D:9      | Found a staircase to the Orcish Mines.
 11417 | D:9      | Reached skill level 9 in Short Blades
 11695 | D:10     | Entered Level 10 of the Dungeon
 12009 | D:10     | Reached skill level 5 in Shields
 12255 | D:10     | Reached skill level 10 in Short Blades
 12466 | D:10     | Reached XP level 11. HP: 70/70 MP: 11/11
 12799 | D:11     | Reached skill level 11 in Short Blades
 12885 | D:11     | Noticed a sixfirhy
 12903 | D:11     | Found a gate leading to a gauntlet.
 12913 | Gauntlet | Entered a Gauntlet
 12913 | Gauntlet | Found a transporter.
 12942 | Gauntlet | Found a transporter.
 12949 | Gauntlet | Noticed a catoblepas
 12955 | Gauntlet | Found a transporter.
 12957 | Gauntlet | Noticed a spectral death yak
 12962 | Gauntlet | Found a transporter.
 12975 | Gauntlet | Noticed a death scarab
 12977 | Gauntlet | Found a transporter.
 12986 | Gauntlet | Noticed a death scarab
 12996 | Gauntlet | Found a transporter.
 12996 | Gauntlet | Noticed a ghost crab
 13008 | Gauntlet | Found a transporter.
 13008 | Gauntlet | Noticed a reaper
 13020 | Gauntlet | Found a transporter.
 13022 | Gauntlet | Noticed a hell beast
 13032 | Gauntlet | Found a transporter.
 13044 | Gauntlet | Found a transporter.
 13044 | Gauntlet | Noticed a necromancer
 13047 | Gauntlet | Noticed a death yak
 13048 | Gauntlet | Noticed a death yak
 13048 | Gauntlet | Noticed a death yak
 13050 | Gauntlet | Noticed a death yak
 13050 | Gauntlet | Noticed a death yak
 13051 | Gauntlet | Noticed a death yak
 13061 | Gauntlet | Found a transporter.
 13079 | Gauntlet | Found a transporter.
 13081 | Gauntlet | Found a transporter.
 13083 | Gauntlet | Found a runed translucent gate.
 13083 | Gauntlet | Found a runed translucent gate.
 13083 | Gauntlet | Found a runed translucent gate.
 13086 | Gauntlet | Found a large runed translucent door.
 13086 | Gauntlet | Found a large runed translucent door.
 13086 | Gauntlet | Found a large runed translucent door.
 13086 | Gauntlet | Found a large runed translucent door.
 13089 | Gauntlet | Found a large runed translucent door.
 13089 | Gauntlet | Found a large runed translucent door.
 13090 | Gauntlet | Found a large runed translucent door.
 13090 | Gauntlet | Found a large runed translucent door.
 13093 | Gauntlet | Found a large runed translucent door.
 13093 | Gauntlet | Found a large runed translucent door.
 13093 | Gauntlet | Found a runed translucent door.
 13093 | Gauntlet | Found a runed translucent door.
 13094 | Gauntlet | Found a large runed translucent door.
 13095 | Gauntlet | Found a large runed translucent door.
 13104 | Gauntlet | Noticed a large abomination
 13104 | Gauntlet | Found a large runed translucent door.
 13104 | Gauntlet | Found a large runed translucent door.
 13105 | Gauntlet | Found a large runed translucent door.
 13106 | Gauntlet | Found a large runed translucent door.
 13106 | Gauntlet | Found a transporter.
 13108 | Gauntlet | Found a transporter.
 13128 | Gauntlet | Found a transporter.
 13187 | Gauntlet | Killed a large abomination
 13189 | Gauntlet | Found a transporter.
 13195 | Gauntlet | Found a transporter.
 13545 | Gauntlet | Received a gift from Trog
 13712 | Gauntlet | Killed a death yak
 13722 | Gauntlet | Killed a death yak
 13722 | Gauntlet | Reached skill level 12 in Short Blades
 13723 | Gauntlet | Killed a death yak
 13730 | Gauntlet | Killed a death yak
 13735 | Gauntlet | Killed a death yak
 13742 | Gauntlet | Killed a death yak
 13757 | Gauntlet | Killed from afar by a necromancer

Levels and vault maps discovered:
D:1:      dpeg_arrival_water_temple_mockup, layout_basic,
          corexii_item_surrounded_by_moat
D:2:      layout_basic, lemuel_round_altar, yredelemnul_altar_generic
D:3:      layout_loops_ring, marbit_many_paths, serial_rivers,
          chequers_serial_rivers_micro_e, chequers_serial_rivers_micro_a,
          chequers_serial_rivers_micro_c, chequers_serial_rivers_marsh,
          chequers_serial_rivers_room_a, uniq_sigmund
D:4:      layout_gridville, first_ration, minmay_misc_feat_secret_circle,
          serial_park_tiny_pond
D:5:      layout_cave_pools, kennysheep_little_box,
          minmay_temple_entry_statues_fountains, gammafunk_ghost_arena
D:6:      corexii_shantytown, layout_layer_cave, led_sif_book, serial_shops,
          shop_fountains, shop, shop
D:7:      layout_loops_ring, lemuel_crystal_altar, grunt_ministairs_11
D:8:      layout_loops_cross, grunt_pizzeria
D:9:      layout_long_grid, erik_orc_2
D:10:     layout_basic
D:11:     layout_grid_maze, erik_lair_island, gauntlet_entry_generic,
          guppyfry_shop_venom
Gauntlet: gammafunk_gauntlet_one_two_three [gammafunk_gauntlet_arena_grid,
          minmay_gauntlet_arena_make_your_own_arena, nicolae_gauntlet_swirl,
          nicolae_gauntlet_arena_grate_2, nicolae_gauntlet_arena_x,
          gammafunk_gauntlet_arena_arrow_garden,
          gammafunk_gauntlet_arena_chambers, gammafunk_gauntlet_arena_hedges,
          gammafunk_gauntlet_arena_corners, gauntlet_exit_watery]

Skill      XL: |  1  2  3  4  5  6  7  8  9 10 11 |
---------------+----------------------------------+-----
Stealth        | 1 2 3 4 5 7 8 9 |  9.3
Throwing       | 1 2 |  2.6
Dodging        | 4 5 7 |  7.3
Fighting       | 4 |  4.6
Short Blades   | 4 5 6 8 10 12 | 12.4
Shields        | 1 3 4 6 7 |  7.8
Long Blades    | 2 3 |  3.8

Action                   |  1- 3 |  4- 6 |  7- 9 | 10-12 || total
-------------------------+-------+-------+-------+-------++-------
Melee: Short sword       |    54 |    23 |    26 |       ||   103
       Constrict         |    16 |    25 |    54 |    37 ||   132
       Tentacles         |    13 |    18 |   120 |    57 ||   208
       Dagger            |    13 |    75 |   341 |    35 ||   464
       Rapier            |       |       |       |   171 ||   171
Throw: Boomerang         |     5 |    11 |       |       ||    16
       Dart              |       |     6 |    25 |    41 ||    72
Invok: Berserk           |     1 |     4 |    10 |     9 ||    24
       Trog's Hand       |       |     1 |     2 |     3 ||     6
       Brothers in Arms  |       |       |     1 |     5 ||     6
Evoke: Wand              |       |       |       |     1 ||     1
  Use: Scroll            |       |     4 |    16 |     6 ||    26
       Potion            |       |       |     1 |     5 ||     6
 Stab: Sleeping          |     7 |    12 |    30 |    15 ||    64
       Distracted        |       |     2 |       |     1 ||     3
       Invisible         |       |       |       |     2 ||     2
  Eat: Chunk             |     1 |     9 |    24 |    17 ||    51
       Ration            |     1 |       |     2 |     2 ||     5
Armor: Skin              |     2 |       |     3 |     1 ||     6
Dodge: Dodged            |    25 |    51 |   110 |    74 ||   260
Block: Buckler           |       |       |    62 |    11 ||    73
       Kite shield       |       |       |       |    54 ||    54

Table legend:
 A = Non-vault XP
 B = Vault XP
 C = Vault XP percentage of total XP
 D = Non-vault monster count
 E = Vault monster count
 F = Vault count percentage of total count
                 A         B        C        D         E       F
            +---------+---------+-------+---------+---------+-------
      Total |   10121 |    6346 |  38.5 |     246 |      68 |  21.7
            +---------+---------+-------+---------+---------+-------
        D:1 |      61 |       0 |   0.0 |      23 |       0 |   0.0
        D:2 |      62 |       0 |   0.0 |      26 |       0 |   0.0
        D:3 |     183 |     229 |  55.6 |      30 |       2 |   6.2
        D:4 |     725 |       0 |   0.0 |      17 |       0 |   0.0
        D:5 |     203 |       0 |   0.0 |       4 |       0 |   0.0
        D:6 |    1104 |     145 |  11.6 |      26 |      28 |  51.9
        D:7 |     794 |     241 |  23.3 |      18 |       2 |  10.0
        D:8 |    1180 |     192 |  14.0 |      32 |       1 |   3.0
        D:9 |     661 |     463 |  41.2 |      14 |      21 |  60.0
       D:10 |    3739 |       0 |   0.0 |      40 |       0 |   0.0
       D:11 |    1409 |       0 |   0.0 |      16 |       0 |   0.0
   Gauntlet |       0 |    5076 | 100.0 |       0 |      14 | 100.0
            +---------+---------+-------+---------+---------+-------
